AoeStats
← Vollbusige

Black Forest

505896623Analyzed
2v2 RM · 22d ago on Sep 11, 2026· 48m 31s· 4 players
Game mode
Random Map
Map size
Medium (4 player)
Population
200
Speed
Normal
Resources
Standard
Victory
Conquest
Starting age
Dark Age
Ending age
Imperial Age
RankedLock teamsTeams togetherTeam positionsShared explorationLock speedFull tech treeHidden civsTurbo modeCheats
Victory
Defeat
🇹🇼 Romans · Taiwan
1041
+11
🇨🇳 Britons · China
881
+18
🇩🇪 Celts · Germany
976
-16
🇩🇪 Burgundians · Germany
889
-13
Bongoboy
8:11 Loom
10:40 Feudal Age
11:27 Double-Bit Axe
15:20 Castle Age
15:10 Forging
15:01 Scale Mail Armor
15:07 Horse Collar
17:41 Man-at-Arms
22:11 Wheelbarrow
21:45 Long Swordsman
24:31 Hand Cart
25:29 Town Watch
25:45 Pikeman
26:19 Arson
30:00 Chain Mail Armor
30:21 Iron Casting
30:07 Bow Saw
32:57 Imperial Age
34:05 Conscription
33:36 Elite Woad Raider
35:24 Halberdier
39:33 Heavy Plow
39:33 Light Cavalry
40:14 Husbandry
40:21 Scale Barding Armor
41:40 Chain Barding Armor
40:54 Hussar
43:39 Blast Furnace
44:25 Onager
Vollbusige
12:22 Feudal Age
14:03 Double-Bit Axe
14:01 Horse Collar
21:32 Castle Age
20:25 Stone Mining
20:38 Gold Mining
28:16 Bow Saw
30:04 Elite Skirmisher
31:43 Scale Mail Armor
36:06 Heavy Plow
36:10 Caravan
38:49 Gold Shaft Mining
38:50 Stone Shaft Mining
41:36 Imperial Age
41:04 Two-Man Saw
43:23 Chemistry
d21842523
13:01 Feudal Age
13:34 Double-Bit Axe
13:32 Horse Collar
14:09 Fishing Lines
21:08 Castle Age
25:33 Wheelbarrow
26:53 Heavy Plow
27:06 Bow Saw
33:22 Ballistics
32:37 Man-at-Arms
34:35 Gold Mining
34:36 Stone Mining
37:30 Imperial Age
34:24 Long Swordsman
35:33 Forging
35:49 Scale Barding Armor
35:48 Squires
38:44 Iron Casting
39:14 Chemistry
37:40 Heavy Scorpion
39:34 Hand Cart
41:32 Blast Furnace
42:40 Caravan
43:11 Coinage
42:28 Loom
42:29 Town Watch
43:18 Crop Rotation
42:30 Legionary
44:49 Chain Barding Armor
44:32 Scale Mail Armor
47:14 Light Cavalry
48:04 Bloodlines
47:55 Husbandry
48:04 Ballistas
大哈巴犬
0:28 Loom
11:30 Feudal Age
16:26 Castle Age
18:45 Double-Bit Axe
18:42 Horse Collar
22:58 Bow Saw
29:49 Heavy Plow
35:51 Imperial Age
33:57 Wheelbarrow
33:31 Squires
34:24 Pikeman
35:50 Gold Mining
37:12 Conscription
40:47 Hoardings
41:17 Scale Mail Armor
41:08 Fletching
42:13 Padded Archer Armor
42:29 Chain Mail Armor
42:25 Forging
41:39 Halberdier
43:32 Bodkin Arrow
44:32 Leather Archer Armor
44:40 Ballistics
45:20 Chemistry
46:07 Caravan
46:18 Guilds
46:22 Bracer
47:12 Hand Cart
47:34 Arson
48:00 Elite Longbowman
49:10 Siege Engineers
49:01 Murder Holes
Connection lost

Rejoining the realm…

Still unreachable

The connection could not be restored.

Session expired

The server has moved on; the page needs a fresh start.